 Dungeon Crawl Stone Soup version 0.27-a0-955-gb57c80000f (webtiles) character file.

Game seed: 9554920000752001281

375 Ijustatesigmund the Chopper (level 6, -1/49 HPs)
             Began as a Demonspawn Fighter on Apr 12, 2021.
             Killed from afar by Grinder (5 damage)
             ... with a puff of flame
             ... on level 4 of the Dungeon.
             The game lasted 00:04:41 (3892 turns).

Ijustatesigmund the Chopper (Demonspawn Fighter)    Turns: 3892, Time: 00:04:41

Health: -1/49      AC:  9    Str: 17    XL:     6   Next: 44%
Magic:  0/6        EV:  8    Int:  9    God:
Gold:   189        SH: 10    Dex: 14    Spells: 5/5 levels left

rFire    . . .     SeeInvis .   a - +1 war axe
rCold    . . .     Faith    .   c - +1 kite shield
rNeg     . . .     Spirit   +   b - +0 scale mail
rPois    .         Reflect  .   (no helmet)
rElec    .         Harm     .   (no cloak)
rCorr    .         Rampage  .   f - +2 pair of gloves
Will     .....                  (no boots)
Stlth    ..........             (no amulet)
HPRegen  0.16/turn              (no ring)
MPRegen  0.20/turn              (no ring)

@: mighty
A: claws 1, magic shield, magic regeneration
a: no special abilities


You were on level 4 of the Dungeon.
You visited 1 branch of the dungeon, and saw 4 of its levels.

You collected 189 gold pieces.

Inventory:

Hand Weapons
 a - a +1 war axe (weapon)
Armour
 b - a +0 scale mail (worn)
 c - a +1 kite shield (worn)
 f - a +2 pair of gloves (worn)
Jewellery
 g - a ring of fire
Scrolls
 i - a scroll of identify
Potions
 e - a potion of attraction
 h - a potion of haste
 k - a potion of curing
 l - a potion of flight {unknown}


   Skills:
 + Level 4.4 Fighting
 * Level 4.6 Axes
 - Level 2.6 Armour
 + Level 2.7 Dodging
 - Level 2.6 Shields


You had 5 spell levels left.
You didn't know any spells.
Your spell library contained the following spells:

 Spells                   Type           Power      Damage    Failure   Level
 Corona                   Hex            0%         N/A       100%        1
 Ensorcelled Hibernation  Hex/Ice        0%         N/A       100%        2
 Confusing Touch          Hex            0%         N/A       100%        3
 Dazzling Flash           Conj/Hex       0%         N/A       100%        3
 Tukima's Dance           Hex            0%         N/A       100%        3


Dungeon Overview and Level Annotations

Branches:
Dungeon (4/15)
 Temple: D:4-7

Altars:
Yredelemnul

Annotations:
D:4 Grinder


Innate Abilities, Weirdness & Mutations

You have sharp fingernails.
When hurt, damage is shared between your health and your magic reserves.
You regenerate magic rapidly.


Message History

You feel very mighty all of a sudden.
Grinder blinks!
No target in view!
Grinder is nearby!
Grinder gestures at you.
You suddenly lose the ability to move!
Found a hand axe.
Grinder zaps a wand.
The puff of flame hits you! Grinder hits you! Grinder hits you.
You writhe in agony.
Grinder hits you.
You writhe in agony.
You can move again.
You slice Grinder!!
Grinder is heavily wounded.
Grinder zaps a wand.
The puff of flame hits you. Grinder hits you but does no damage.
You slash Grinder!
Grinder is almost dead.
Grinder blinks!
Grinder zaps a wand.
The puff of flame misses you.
Grinder zaps a wand.
The puff of flame hits you.
* * * LOW HITPOINT WARNING * * *
You block Grinder's attack.
You closely miss Grinder.
Grinder is almost dead.
Grinder hits you.
* * * LOW HITPOINT WARNING * * *
You completely miss Grinder.
Grinder is almost dead.
Grinder hits you.
* * * LOW HITPOINT WARNING * * *
You writhe in agony.
* * * LOW HITPOINT WARNING * * *
Grinder hits you.
* * * LOW HITPOINT WARNING * * *
You writhe in agony.
* * * LOW HITPOINT WARNING * * *
You hit Grinder.
Grinder is almost dead.
Grinder zaps a wand.
The puff of flame hits you!
You die...

# #...........'.# #
#...........### #
#...........# #
#...........####+##
#....#######......#
......#..........$.#
......#............#
...# #............#
#.......@....#
#.......5[...#
#.#..........#
#.#..........# #
#.)..####### #....#
#.... #....


You could see Grinder.

Vanquished Creatures
  Sigmund (D:4)
  A jelly (D:4)
  Jessica (D:3)
  4 gnolls
  5 adders
  3 worms
  8 ball pythons
  4 endoplasms
  2 giant cockroaches
  5 goblins
  9 hobgoblins
  8 kobolds
  2 quokkas
  2 bats
  2 frilled lizards
  8 rats
65 creatures vanquished.

Vanquished Creatures (collateral kills)
  2 gnolls (D:4)
2 creatures vanquished.

Grand Total: 67 creatures vanquished

Notes
Turn   | Place    | Note
-------+----------+-------------------------------------------
     0 | D:1      | Ijustatesigmund the Demonspawn Fighter began the quest for
                  | the Orb.
     0 | D:1      | Reached XP level 1. HP: 18/18 MP: 1/1
    94 | D:1      | Gained mutation: You have sharp fingernails. [demonic
                  | ancestry]
    94 | D:1      | Reached XP level 2. HP: 23/24 MP: 2/2
   834 | D:1      | Reached skill level 1 in Dodging
   908 | D:1      | HP: 1/24 [poisoned by an adder]
   909 | D:1      | Reached XP level 3. HP: 1/29 MP: 3/3
  1219 | D:2      | HP: 1/29 [worm (9)]
  1543 | D:2      | Gained mutation: You regenerate magic rapidly. [demonic
                  | ancestry]
  1543 | D:2      | Reached XP level 4. HP: 29/35 MP: 4/4
  1647 | D:2      | Found a basalt altar of Yredelemnul.
  2677 | D:2      | Found a faded altar of an unknown god.
  2897 | D:3      | Noticed Jessica
  2906 | D:3      | Killed Jessica
  2907 | D:3      | Gained mutation: When hurt, damage is shared between your
                  | health and your magic reserves. [demonic ancestry]
  2907 | D:3      | Reached XP level 5. HP: 42/42 MP: 5/5
  3609 | D:4      | Noticed Sigmund
  3624 | D:4      | Killed Sigmund
  3625 | D:4      | Reached XP level 6. HP: 20/49 MP: 3/6
  3874 | D:4      | Noticed Grinder
  3879 | D:4      | Paralysed by Grinder for 5 turns
  3892 | D:4      | Killed from afar by Grinder

Illustrated notes

Levels and vault maps discovered:
D:1:      minmay_arrival_nine_rooms, layout_rooms
D:2:      layout_loops_cross, basic_ecumenical_altar, grunt_ministairs_9,
          minmay_hexomino_r4
D:3:      layout_basic, minmay_fountain_box, uniq_jessica
D:4:      layout_basic, uniq_sigmund, uniq_grinder, uniq_duvessa

Skill      XL: |  1  2  3  4  5 |
---------------+----------------+-----
Axes           | 2 3 4 |  4.6
Dodging        | 1 2 |  2.7
Fighting       | 4 |  4.4
Armour         | |  2.6
Shields        | |  2.6

Action                   |  1- 3 |  4- 6 || total
-------------------------+-------+-------++-------
Melee: War axe           |    91 |   113 ||   204
  Use: Potion            |     3 |     2 ||     5
       Scroll            |     1 |     8 ||     9
Armor: Scale mail        |    44 |    54 ||    98
       Skin              |     7 |       ||     7
Dodge: Dodged            |    35 |    39 ||    74
Block: Kite shield       |    55 |    49 ||   104

Table legend: (Time is in decaauts)
 A = Elapsed time spent in this place.
 B = Non-inter-level travel time spent in this place.
 C = Inter-level travel time spent in this place.
 D = Time resting spent in this place.
 E = Time spent auto-exploring this place.
 F = Levels seen in this place.
 G = Mean time per level.
                   A        B        C        D        E       F      G
               +--------+--------+--------+--------+--------+-----+--------+
         Total |   3994 |   3901 |     93 |   1704 |   1657 |   4 |  998.5 |
       Dungeon |   3994 |   3901 |     93 |   1704 |   1657 |   4 |  998.5 |
               +--------+--------+--------+--------+--------+-----+--------+

Top non-repeatable levels by time:
     D:2: 1465 daAuts
     D:1: 1418 daAuts
     D:4: 655 daAuts
     D:3: 454 daAuts
